 Dungeon Crawl Stone Soup version 0.30-a0-166-g5d06c95188 (webtiles) character file.

Game seed: 1140215247801637565

411 qw the Chopper (level 6, 0/38 HPs)
             Began as a Gargoyle Fighter on Sept 28, 2022.
             Slain by an orc
             ... wielding a +0 trident
              (4 damage)
             ... on level 4 of the Dungeon.
             The game lasted 00:01:40 (4030 turns).

qw the Chopper (Gargoyle Fighter)                   Turns: 4030, Time: 00:01:41

Health: 0/38       AC: 17    Str: 22    XL:     6   Next: 90%
Magic:  0/6        EV:  6    Int:  8    God:
Gold:   216        SH:  0    Dex:  9    Spells: 5/5 levels left

rFire   . . .      SeeInvis .    Y - +0 war axe
rCold   . . .      Faith    .    c - +0 buckler
rNeg    + . .      Spirit   +    k - +0 plate armour
rPois   inf        Reflect  .    h - +0 helmet
rElec   +          Harm     .    (no cloak)
rCorr   .          Rampage  .    (no gloves)
Will    .....                    (no boots)
Stlth   ..........               b - amulet of guardian spirit
HPRegen 0.12/turn                (no ring)
MPRegen 0.10/turn                (no ring)

@: confused
A: sickness immunity, AC +4, negative energy resistance 1, electricity
resistance, torment resistance 1, petrification resistance
a: no special abilities


You were on level 4 of the Dungeon.
You visited 1 branch of the dungeon, and saw 4 of its levels.

You collected 216 gold pieces.


Innate Abilities, Weirdness & Mutations

You are immune to sickness and miasma.
Your stone body is resilient. (AC +4)
You are immune to poison.
You resist negative energy. (rN+)
You are resistant to electric shocks. (rElec)
You are resistant to unholy torment.
You are immune to petrification.


   Skills:
 - Level 4.0 Fighting
 - Level 6.0 Axes
 - Level 1.1 Throwing
 + Level 3.2 Armour
 - Level 3.2 Shields


You had 5 spell levels left.
You didn't know any spells.
Your spell library was empty.

Inventory:

Hand Weapons
 i - a +0 flail
 Y - a +0 war axe (weapon)
Missiles
 e - a javelin (quivered)
Armour
 c - a +0 buckler (worn)
 h - a +0 helmet (worn)
 k - a +0 plate armour (worn)
 n - a +0 pair of gloves
Jewellery
 a - a ring of protection from fire
 b - an amulet of guardian spirit (around neck)
 f - a ring of ice
Scrolls
 j - 5 scrolls of identify
 m - a scroll of torment {unknown}
Potions
 d - a potion of might
 l - a potion of cancellation

Dungeon Overview and Level Annotations

Branches:
Dungeon (4/15)
 Temple: D:4-7

Altars:
Elyvilon
Fedhas
Ru
Sif Muna
Trog
Yredelemnul


Message History

The orc wizard hits you but does no damage.
Natasha closely misses you.
The crimson imp hits you but does no damage.
You slash Natasha!
You kill Natasha!
Natasha screams in pain as she dies!
The crimson imp disappears in a puff of smoke! x2
You barely miss the orc wizard.
The orc hits you from afar with a +0 trident.
The orc wizard hits you but does no damage.
You block the orc wizard's attack. The orc hits you but does no damage.
Your Axes skill increases to level 6!
You hit the orc wizard.
The orc wizard is moderately wounded.
The orc wizard hits you with a +0 dagger.
The orc hits you but does no damage.
You closely miss the orc wizard.
The orc wizard is moderately wounded.
The orc wizard hits you but does no damage.
You block the orc's attack.
You hit the orc wizard but do no damage.
The orc wizard is moderately wounded.
The orc barely misses you.
The orc wizard points at you and mumbles some strange words.
You are confused.
4028 ||| DRINKING potion of curing.
You feel better.
4028 ||| (to cure confusion)
The orc barely misses you.
The orc wizard points at you and mumbles some strange words.
You are confused.
You hit the orc wizard.
The orc wizard is moderately wounded.
The orc wizard hits you but does no damage.
The orc hits you but does no damage.
The orc hits you from afar with a +0 trident.
The orc wizard gestures at you while chanting.
You resist with some effort. The orc wizard casts a spell at you.
The puff of flame hits you. The orc hits you with a +0 trident.
You die...

#....>...#
.........>....#
#........#..
.............#
#........##..
#..######...#
##..##..##..##...#
#................#
#................#
+................#
#......).........#
#.....@o........#
#....o.##########
#......# #.......
#....... #........
#........
#......... #


You could see an orc wizard and an orc.

Vanquished Creatures
  A centaur zombie (D:3)
  An orc priest (D:4)
  An iguana (D:4)
  Natasha (twice) (D:4)
  An orc wizard (D:4)
  5 gnolls (D:3)
  9 adders
  A white imp (D:3)
  An adder zombie (D:3)
  2 worms (D:2)
  A dart slug (D:1)
  11 orcs
  7 bats
  7 endoplasms
  A giant cockroach (D:2)
  8 goblins
  9 hobgoblins
  3 jackals (D:2)
  7 kobolds
  6 quokkas
  3 ball pythons
  6 frilled lizards
  A jackal zombie (D:3)
  7 rats
101 creatures vanquished.

Vanquished Creatures (others)
  A plant (D:4)
1 creature vanquished.

Grand Total: 102 creatures vanquished

Notes
Turn   | Place    | Note
-------+----------+-------------------------------------------
     0 | D:1      | qw the Gargoyle Fighter began the quest for the Orb.
     0 | D:1      | Reached XP level 1. HP: 14/14 MP: 1/1
     0 | D:1      | 0 ||| qw: Version: 0.2-a-12-gaebbb33
     0 | D:1      | 0 ||| qw: Game counter: 984
     0 | D:1      | 0 ||| qw: Always use a shield: true
     0 | D:1      | 0 ||| qw: God list: Okawaru
     0 | D:1      | 0 ||| qw: Allow faded altars: false
     0 | D:1      | 0 ||| qw: Do Orc after D:15 true
     0 | D:1      | 0 ||| qw: Do second Lair branch before Depths: true
     0 | D:1      | 0 ||| qw: Lair rune preference: random
     0 | D:1      | 0 ||| qw: Plans: Normal, Zot:1-4, God:TSO, Crypt, Tomb,
                  | Pan, Slime:5, Hells, Abyss, Orb
     0 | D:1      | 0 ||| PLANNING D:1-11
    69 | D:1      | 69 ||| Stepping ~*~*~tactically~*~*~ (stealth).
    73 | D:1      | 73 ||| Stepping ~*~*~tactically~*~*~ (stealth).
    78 | D:1      | Reached skill level 2 in Axes
    80 | D:1      | 80 ||| DROPPING +0 club.
   251 | D:1      | Reached XP level 2. HP: 19/19 MP: 2/2
   555 | D:1      | 555 ||| Stepping ~*~*~tactically~*~*~ (hiding).
   718 | D:1      | Reached skill level 3 in Axes
   839 | D:1      | Reached XP level 3. HP: 23/23 MP: 3/3
  1158 | D:1      | 1158 ||| UPGRADING to +0 helmet.
  1163 | D:1      | 1163 ||| UPGRADING to +0 plate armour.
  1173 | D:1      | 1173 ||| DROPPING +0 scale mail.
  1174 | D:1      | 1174 ||| READING scroll labelled QOGE UDAOLUSIA.
  1275 | D:1      | 1275 ||| READING scroll labelled SIUK QURYTUTUE.
  1319 | D:2      | 1319 ||| STAIRDANCE
  1476 | D:2      | 1476 ||| Stepping ~*~*~tactically~*~*~ (hiding).
  1674 | D:2      | 1674 ||| Stepping ~*~*~tactically~*~*~ (stealth).
  1678 | D:2      | 1678 ||| Stepping ~*~*~tactically~*~*~ (stealth).
  1736 | D:2      | Reached XP level 4. HP: 28/28 MP: 4/4
  1761 | D:2      | 1761 ||| Stepping ~*~*~tactically~*~*~ (stealth).
  1772 | D:2      | Reached skill level 4 in Axes
  1794 | D:2      | 1794 ||| Stepping ~*~*~tactically~*~*~ (stealth).
  1804 | D:2      | 1804 ||| Stepping ~*~*~tactically~*~*~ (stealth).
  2083 | D:2      | 2083 ||| UPGRADING to amulet of guardian spirit.
  2088 | D:2      | 2088 ||| READING scroll labelled HISOPN URGHIEMA.
  2089 | D:2      | 2089 ||| READING scroll labelled VAZU BALUIL.
  2216 | D:2      | 2216 ||| STAIRDANCE
  2347 | D:3      | Reached XP level 5. HP: 29/32 MP: 3/5
  2522 | D:3      | Found a basalt altar of Yredelemnul.
  2569 | D:3      | Reached skill level 5 in Axes
  2604 | D:3      | 2604 ||| DROPPING +0 whip.
  2607 | D:3      | 2607 ||| DROPPING +2 whip of electrocution.
  2619 | D:3      | 2619 ||| Stepping ~*~*~tactically~*~*~ (stealth).
  2776 | D:3      | 2776 ||| Stepping ~*~*~tactically~*~*~ (stealth).
  2777 | D:3      | 2777 ||| Stepping ~*~*~tactically~*~*~ (stealth).
  2787 | D:3      | Found a shimmering blue altar of Sif Muna.
  2788 | D:3      | 2788 ||| Stepping ~*~*~tactically~*~*~ (hiding).
  2795 | D:3      | Reached skill level 1 in Throwing
  2852 | D:3      | 2852 ||| Stepping ~*~*~tactically~*~*~ (stealth).
  2921 | D:3      | Found a bloodstained altar of Trog.
  3250 | D:3      | Reached XP level 6. HP: 38/38 MP: 6/6
  3299 | D:3      | 3299 ||| READING scroll labelled MUCUZU ZUYMP.
  3300 | D:3      | 3300 ||| DRINKING 3 yellow potions.
  3301 | D:3      | 3301 ||| READING 5 scrolls of identify.
  3301 | D:3      | 3301 ||| IDENTIFYING purple potion
  3302 | D:3      | 3302 ||| READING 4 scrolls of identify.
  3302 | D:3      | 3302 ||| IDENTIFYING silvery potion
  3303 | D:3      | 3303 ||| DROPPING potion of berserk rage.
  3386 | D:4      | Identified the +0 robe of the Devil's Advocate {rElec Dex+6
                  | Stlth+}
  3465 | D:4      | Found a blossoming altar of Fedhas.
  3467 | D:4      | Found a white marble altar of Elyvilon.
  3468 | D:4      | Found a sacrificial altar of Ru.
  3506 | D:4      | Noticed Natasha
  3507 | D:4      | 3507 ||| Stepping ~*~*~tactically~*~*~ (hiding).
  3509 | D:4      | 3509 ||| Stepping ~*~*~tactically~*~*~ (hiding).
  3511 | D:4      | 3511 ||| Stepping ~*~*~tactically~*~*~ (hiding).
  3512 | D:4      | 3512 ||| Stepping ~*~*~tactically~*~*~ (hiding).
  3529 | D:4      | Killed Natasha
  3798 | D:4      | Noticed Natasha
  3835 | D:4      | 3835 ||| FLEEEEING.
  4019 | D:4      | HP: 2/38 [orc priest/divine providence (12)]
  4020 | D:4      | 4020 ||| DRINKING 2 potions of curing.
  4020 | D:4      | 4020 ||| (to cure confusion)
  4024 | D:4      | Killed Natasha
  4024 | D:4      | HP: 6/38 [orc/+0 trident (2)]
  4025 | D:4      | Reached skill level 6 in Axes
  4028 | D:4      | 4028 ||| DRINKING potion of curing.
  4028 | D:4      | 4028 ||| (to cure confusion)
  4029 | D:4      | HP: 7/38 [orc/+0 trident (4)]
  4030 | D:4      | Slain by an orc

Levels and vault maps discovered:
D:1:      minmay_arrival_open_corners, layout_loops_ring, minivault_25,
          minmay_misc_feat_roman
D:2:      kennysheep_six_static_rooms, layout_rooms, kennysheep_generic_room_3
D:3:      layout_basic, nicolae_yredelemnul_corpse_copse,
          nzn_overflow_gifts_of_might_and_magic, minmay_misc_feat_hallway,
          minmay_misc_feat_diagonals
D:4:      layout_gridville, gammafunk_temple_overflow_forgotten, uniq_natasha,
          uniq_eustachio

Skill      XL: |  1  2  3  4  5  6 |
---------------+-------------------+-----
Axes           | 2 3 4 5 6 |  6.0
Throwing       | 1 |  1.1
Fighting       | 4 |  4.0
Armour         | |  3.2
Shields        | |  3.2

Action                   |  1- 3 |  4- 6 || total
-------------------------+-------+-------++-------
Melee: War axe           |   133 |   197 ||   330
Throw: Javelin           |       |    18 ||    18
  Use: Scroll            |     2 |     5 ||     7
       Potion            |       |     3 ||     3
Armor: Scale mail        |    27 |       ||    27
       Plate armour      |    53 |   179 ||   232
Dodge: Dodged            |    40 |    75 ||   115
Block: Buckler           |    22 |    51 ||    73

Table legend:
 A = Non-vault XP
 B = Vault XP
 C = Vault XP percentage of total XP
 D = Non-vault monster count
 E = Vault monster count
 F = Vault count percentage of total count
                 A         B        C        D         E       F
            +---------+---------+-------+---------+---------+-------
      Total |     445 |     143 |  24.3 |      89 |      12 |  11.9
            +---------+---------+-------+---------+---------+-------
        D:1 |      52 |       0 |   0.0 |      28 |       0 |   0.0
        D:2 |      65 |      31 |  32.3 |      21 |       6 |  22.2
        D:3 |     100 |      77 |  43.5 |      21 |       5 |  19.2
        D:4 |     228 |      35 |  13.3 |      19 |       1 |   5.0
            +---------+---------+-------+---------+---------+-------
